 Dungeon Crawl Stone Soup version 0.22-a0-280-g69bf1f3 (webtiles) character file.

8008 xccam the Protected (level 11, -38/89 HPs)
             Began as a Gnoll Wanderer on Mar 16, 2018.
             Was an Elder of the Shining One.
             Hit by a large rock thrown by a cyclops (43 damage)
             ... on level 12 of the Dungeon.
             The game lasted 00:19:59 (9587 turns).

xccam the Protected (Gnoll Wanderer)                Turns: 9587, Time: 00:19:59

Health: -38/89     AC: 12    Str: 20    XL:     11   Next: 24%
Magic:  20/20      EV: 16    Int: 20    God:    the Shining One [****..]
Gold:   848        SH:  0    Dex: 13    Spells: 20/22 levels left

rFire    + . .     SeeInvis .   p - +0 halberd (venom)
rCold    . . .     Gourm    .   (shield currently unavailable)
rNeg     + + .     Faith    .   d - +3 leather armour "Fuch" {rF+ Str+2}
rPois    .         Spirit   .   o - +2 helmet
rElec    .         Reflect  .   (no cloak)
rCorr    .         Harm     .   (no gloves)
MR       .....     Clarity  +   a - +0 pair of boots
Stlth    ++........             A - amulet of rage
HPRegen  0.24/turn              (no ring)
MPRegen  0.17/turn              m - +4 ring of intelligence

@: slowed, glowing, very slow
A: distributed training, fangs 1, talons 1, clarity, strong nose
a: Divine Shield, Cleansing Flame, Renounce Religion, Evoke Berserk Rage


You were on level 12 of the Dungeon.
You worshipped the Shining One.
The Shining One was greatly pleased with you.
You were hungry.

You visited 1 branch of the dungeon, and saw 11 of its levels.

You collected 848 gold pieces.

Inventory:

Hand Weapons
 p - a +0 halberd of venom (weapon)
Armour
 a - a +0 pair of boots (worn)
 d - the +3 leather armour "Fuch" (worn) {rF+ Str+2}
   (You found it on level 8 of the Dungeon)

   It affects your strength (+2).
   It protects you from fire.
 o - a +2 helmet (worn)
 t - a +0 chain mail
Jewellery
 i - an uncursed ring of wizardry
 m - a +4 ring of intelligence (right hand)
 A - an amulet of rage (around neck)
Wands
 e - a wand of polymorph (12)
 E - a wand of flame (52)
Scrolls
 b - 4 scrolls of teleportation
 g - 8 scrolls of remove curse
 l - a scroll of amnesia
 n - 4 scrolls of enchant armour
 r - a scroll of acquirement {unknown}
 s - 4 scrolls of magic mapping
 u - 3 scrolls of fear
 v - a scroll of fog
 x - 4 scrolls of summoning
 y - a scroll of blinking
 z - a scroll of identify
 H - a scroll of vulnerability {unknown}
Potions
 c - 5 potions of lignification
 h - a potion of haste
 j - a potion of curing
 k - 5 potions of degeneration
 q - a potion of magic
 w - a potion of agility
 C - a potion of ambrosia
 D - a potion of might
 F - a potion of mutation
Miscellaneous
 B - a sack of spiders
Comestibles
 f - 18 rations
 G - 4 chunks of flesh


   Skills:
 + Level 9.0 Fighting
 + Level 6.0 Short Blades
 + Level 6.0 Long Blades
 + Level 6.0 Axes
 + Level 6.0 Maces & Flails
 + Level 6.0 Polearms
 + Level 6.0 Staves
 + Level 6.0 Slings
 + Level 6.0 Bows
 + Level 6.0 Crossbows
 + Level 6.0 Throwing
 + Level 9.0 Armour
 + Level 7.6 Dodging
 + Level 6.5 Stealth
 + Level 6.6 Shields
 + Level 6.0 Unarmed Combat
 + Level 6.0 Spellcasting
 + Level 5.0 Conjurations
 + Level 5.0 Hexes
 + Level 5.0 Charms
 + Level 5.0 Summonings
 + Level 5.0 Necromancy
 + Level 5.0 Translocations
 + Level 5.0 Transmutations
 + Level 5.0 Fire Magic
 + Level 5.0 Ice Magic
 + Level 5.0 Air Magic
 + Level 5.0 Earth Magic
 + Level 5.0 Poison Magic
 + Level 6.6 Invocations
 + Level 6.0 Evocations


You had 20 spell levels left.
You knew the following spells:

 Your Spells              Type           Power        Failure   Level  Hunger
a - Blink                 Tloc           N/A          2%          2    None


Dungeon Overview and Level Annotations

Branches:
Dungeon (10/15)            Temple (0/1) D:6             Orc (0/2) D:10
   Lair: D:8-11

Altars:
Ashenzari
Dithmenos
Elyvilon
Kikubaaqudgha
Makhleb
Sif Muna
Xom
The Shining One

Shops:
D:5 %


Innate Abilities, Weirdness & Mutations

Your experience applies equally to all skills.
You have very sharp teeth.
Your uncanny sense of smell can sniff out nearby items.
You have sharp toenails.
You possess an exceptional clarity of mind.


Message History

You are feeling hungry.
The wraith closely misses you. The wraith hits you but does no damage.
You barely miss the wraith.
The wraith is moderately damaged.
The cyclops shouts!
The wraith hits you but does no damage.
The cyclops throws a large rock.
The large rock hits you!!
* * * LOW HITPOINT WARNING * * *
You closely miss the wraith.
The wraith is moderately damaged.
The wraith hits you!
* * * LOW HITPOINT WARNING * * *
The wraith drains your vigour!
You feel as though you will be slow longer.
The wraith hits you.
* * * LOW HITPOINT WARNING * * *
The wraith drains your vigour!
You feel as though you will be slow longer.
The cyclops throws a large rock.
The large rock hits you!!!
You die...

... .. ∆ ###.# .
#... ###.. #..#
####....>
##.W###......#
###..)....##.#
####....#####W..#
#.......####@†###
.......C.÷..)##
?.........####
..........#
C......)..#
.........## ∆
#...#.....
#########.. ...


You could see a cyclops and a wraith.

Vanquished Creatures
  A two-headed ogre (D:12)
  An ugly thing (D:12)
  Joseph (D:8)
  Psyche (D:8)
  A gargoyle (D:10)
  2 trolls
  A hornet (D:9)
  A hippogriff (D:7)
  2 wyverns
  A yak (D:7)
  A soldier ant (D:7)
  4 orc warriors
  A water moccasin (D:9)
  An ice beast (D:10)
  3 sky beasts
  A black bear (D:10)
  A necrophage (D:10)
  A phantom (D:7)
  The ghost of tsouns the Insei, an amateur GnTm (D:3)
  2 centaurs
  A crocodile (D:8)
  A big kobold (D:12)
  Blork the orc (D:6)
  A bullfrog (D:10)
  A gnoll sergeant (D:9)
  A scorpion (D:5)
  5 howler monkeys (D:9)
  2 bullfrog zombies
  3 crimson imps
  A hound (D:9)
  4 centaur skeletons
  4 jellies
  4 quasits
  3 bullfrog skeletons
  14 orc priests
  A centaur zombie (D:12)
  15 orc wizards
  Ijyb (D:4)
  Terence (D:2)
  7 iguanas
  5 worker ants
  2 worker ant zombies
  10 adders
  7 gnolls
  A shadow imp (D:5)
  2 adder zombies
  A worm (D:3)
  A dart slug (D:1)
  4 leopard geckos
  70 orcs
  A ball python (D:3)
  4 bats
  7 giant cockroaches
  11 goblins
  8 hobgoblins
  3 quokkas
  4 frilled lizards
  A jackal zombie (D:7)
  11 kobolds
  A quokka zombie (D:7)
  20 rats
273 creatures vanquished.

Notes
Turn   | Place    | Note
-------+----------+-------------------------------------------
     0 | D:1      | xccam the Gnoll Wanderer began the quest for the Orb.
     0 | D:1      | xccam set off with: a +2 spear, a scroll of teleportation, a potion of lignification, a +0 robe, a ration
     0 | D:1      | Reached XP level 1. HP: 23/23 MP: 1/1
    72 | D:1      | Reached XP level 2. HP: 29/29 MP: 2/2
   441 | D:1      | Reached XP level 3. HP: 35/35 MP: 3/3
   522 | D:1      | Found a glowing golden altar of the Shining One.
   538 | D:1      | Became a worshipper of the Shining One
   806 | D:2      | Reached skill level 1 in Invocations
   863 | D:2      | Reached skill level 1 in Short Blades
   863 | D:2      | Reached skill level 1 in Long Blades
   863 | D:2      | Reached skill level 1 in Axes
   863 | D:2      | Reached skill level 1 in Maces & Flails
   863 | D:2      | Reached skill level 1 in Polearms
   863 | D:2      | Reached skill level 1 in Staves
   863 | D:2      | Reached skill level 1 in Slings
   863 | D:2      | Reached skill level 1 in Bows
   863 | D:2      | Reached skill level 1 in Crossbows
   863 | D:2      | Reached skill level 1 in Throwing
   863 | D:2      | Reached skill level 1 in Unarmed Combat
   863 | D:2      | Reached skill level 1 in Spellcasting
   863 | D:2      | Reached skill level 1 in Evocations
   955 | D:2      | Reached XP level 4. HP: 40/41 MP: 5/5
  1072 | D:2      | Found a shimmering altar of Xom.
  1074 | D:2      | Found a burning altar of Makhleb.
  1102 | D:2      | Noticed Terence
  1113 | D:2      | Killed Terence
  1434 | D:2      | Reached skill level 1 in Conjurations
  1434 | D:2      | Reached skill level 1 in Hexes
  1434 | D:2      | Reached skill level 1 in Charms
  1434 | D:2      | Reached skill level 1 in Summonings
  1434 | D:2      | Reached skill level 1 in Necromancy
  1434 | D:2      | Reached skill level 1 in Translocations
  1434 | D:2      | Reached skill level 1 in Transmutations
  1434 | D:2      | Reached skill level 1 in Fire Magic
  1434 | D:2      | Reached skill level 1 in Ice Magic
  1434 | D:2      | Reached skill level 1 in Air Magic
  1434 | D:2      | Reached skill level 1 in Earth Magic
  1434 | D:2      | Reached skill level 1 in Poison Magic
  1649 | D:3      | Reached XP level 5. HP: 44/47 MP: 6/6
  2503 | D:3      | Noticed tsouns's ghost (amateur GnTm)
  2516 | D:3      | Killed tsouns's ghost
  2516 | D:3      | Reached XP level 6. HP: 16/53 MP: 8/8
  3104 | D:4      | Noticed Ijyb
  3109 | D:4      | Killed Ijyb
  3141 | D:4      | Reached * piety under the Shining One
  3144 | D:4      | Reached skill level 5 in Dodging
  3507 | D:4      | Found a deep blue altar of Sif Muna.
  3526 | D:4      | Reached XP level 7. HP: 43/59 MP: 10/10
  3918 | D:5      | Entered Level 5 of the Dungeon
  4185 | D:5      | Reached XP level 8. HP: 67/67 MP: 12/12
  4261 | D:5      | Reached ** piety under the Shining One
  4351 | D:5      | Found a shattered altar of Ashenzari.
  4595 | D:5      | Found Ufuczoz's Food Shoppe.
  4853 | D:6      | Noticed Blork the orc
  4858 | D:6      | Killed Blork the orc
  4885 | D:6      | Found a shadowy altar of Dithmenos.
  4988 | D:6      | Found an ancient bone altar of Kikubaaqudgha.
  5259 | D:6      | Found a faded altar of an unknown god.
  5261 | D:6      | Found a staircase to the Ecumenical Temple.
  5483 | D:7      | HP: 1/67 [orc warrior/hand axe (6)]
  5484 | D:7      | Reached XP level 9. HP: 9/72 MP: 14/14
  5958 | D:7      | Noticed a troll
  5968 | D:7      | Killed a troll
  6001 | D:7      | Reached skill level 5 in Shields
  6105 | D:8      | Reached *** piety under the Shining One
  6132 | D:8      | Reached skill level 5 in Stealth
  6140 | D:8      | Noticed Joseph
  6154 | D:8      | Killed Joseph
  6157 | D:8      | Reached skill level 5 in Invocations
  6591 | D:8      | Noticed Psyche
  6601 | D:8      | Killed Psyche
  6601 | D:8      | Reached XP level 10. HP: 31/80 MP: 17/17
  6936 | D:8      | Got a scorched leather armour
  6944 | D:8      | Identified the +3 leather armour "Fuch" {rF+ Str+2} (You found it on level 8 of the Dungeon)
  7458 | D:9      | Reached skill level 5 in Short Blades
  7458 | D:9      | Reached skill level 5 in Long Blades
  7458 | D:9      | Reached skill level 5 in Axes
  7458 | D:9      | Reached skill level 5 in Maces & Flails
  7458 | D:9      | Reached skill level 5 in Polearms
  7458 | D:9      | Reached skill level 5 in Staves
  7458 | D:9      | Reached skill level 5 in Slings
  7458 | D:9      | Reached skill level 5 in Bows
  7458 | D:9      | Reached skill level 5 in Crossbows
  7458 | D:9      | Reached skill level 5 in Throwing
  7458 | D:9      | Reached skill level 5 in Unarmed Combat
  7458 | D:9      | Reached skill level 5 in Spellcasting
  7458 | D:9      | Reached skill level 5 in Evocations
  7516 | D:9      | Found a white marble altar of Elyvilon.
  7723 | D:9      | Learned a level 2 spell: Blink
  8451 | D:10     | Entered Level 10 of the Dungeon
  8622 | D:10     | Found a staircase to the Orcish Mines.
  9185 | D:10     | Reached **** piety under the Shining One
  9196 | D:10     | Noticed a gargoyle
  9210 | D:10     | Killed a gargoyle
  9369 | D:10     | You fall through a shaft for 2 floors!
  9370 | D:12     | Noticed a white ugly thing
  9386 | D:12     | Reached XP level 11. HP: 57/87 MP: 19/19
  9392 | D:12     | Gained mutation: You possess an exceptional clarity of mind. [potion of mutation]
  9392 | D:12     | Gained mutation: You have sharp toenails. [potion of mutation]
  9395 | D:12     | Killed a white ugly thing
  9460 | D:12     | Noticed a two-headed ogre
  9475 | D:12     | Killed a two-headed ogre
  9475 | D:12     | Reached skill level 5 in Conjurations
  9475 | D:12     | Reached skill level 5 in Hexes
  9475 | D:12     | Reached skill level 5 in Charms
  9475 | D:12     | Reached skill level 5 in Summonings
  9475 | D:12     | Reached skill level 5 in Necromancy
  9475 | D:12     | Reached skill level 5 in Translocations
  9475 | D:12     | Reached skill level 5 in Transmutations
  9475 | D:12     | Reached skill level 5 in Fire Magic
  9475 | D:12     | Reached skill level 5 in Ice Magic
  9475 | D:12     | Reached skill level 5 in Air Magic
  9475 | D:12     | Reached skill level 5 in Earth Magic
  9475 | D:12     | Reached skill level 5 in Poison Magic
  9494 | D:12     | Noticed a cyclops
  9587 | D:12     | Hit by a large rock thrown by a cyclops

Vault maps used:
D:1:      dpeg_arrival_erosion, tso_altar
D:2:      chequers_temple_overflow_statue_of_worship, kennysheep_minor_cross,
          minmay_rat_gold_closets, uniq_terence
D:3:      first_ration
D:4:      led_sif_book, uniq_ijyb
D:5:      nicolae_overflow_hidden_temple, serial_shops,
          nicolae_shop_behind_doors
D:6:      old_standard_altar, nicolae_temple_entry_ecumenical,
          nicolae_dithmenos_shadow_blocks, uniq_blork_the_orc
D:7:      minmay_blocky_corners
D:8:      uniq_psyche, uniq_joseph
D:9:      elyvilon_altar_1, kennysheep_generic_room_9
D:10:     lair_entry_dummy, hiddenorc2_lemuel
D:12:     serial_shops, nicolae_shop_waterfront, bloody_makhleb

Skill      XL: |  1  2  3  4  5  6  7  8  9 10 11 |
---------------+----------------------------------+-----
Invocations    | 1 2 3 4 5 6 |  6.6
Short Blades   | 1 2 3 4 5 6 |  6.0
Long Blades    | 1 2 3 4 5 6 |  6.0
Axes           | 1 2 3 4 5 6 |  6.0
Maces & Flails | 1 2 3 4 5 6 |  6.0
Polearms       | 1 2 3 4 5 6 |  6.0
Staves         | 1 2 3 4 5 6 |  6.0
Slings         | 1 2 3 4 5 6 |  6.0
Bows           | 1 2 3 4 5 6 |  6.0
Crossbows      | 1 2 3 4 5 6 |  6.0
Throwing       | 1 2 3 4 5 6 |  6.0
Unarmed Combat | 1 2 3 4 5 6 |  6.0
Spellcasting   | 1 2 3 4 5 6 |  6.0
Evocations     | 1 2 3 4 5 6 |  6.0
Conjurations   | 1 2 3 4 5 |  5.0
Hexes          | 1 2 3 4 5 |  5.0
Charms         | 1 2 3 4 5 |  5.0
Summonings     | 1 2 3 4 5 |  5.0
Necromancy     | 1 2 3 4 5 |  5.0
Translocations | 1 2 3 4 5 |  5.0
Transmutations | 1 2 3 4 5 |  5.0
Fire Magic     | 1 2 3 4 5 |  5.0
Ice Magic      | 1 2 3 4 5 |  5.0
Air Magic      | 1 2 3 4 5 |  5.0
Earth Magic    | 1 2 3 4 5 |  5.0
Poison Magic   | 1 2 3 4 5 |  5.0
Shields        | 3 4 5 6 |  6.6
Stealth        | 3 4 5 6 |  6.5
Dodging        | 5 6 7 |  7.6
Fighting       | 7 8 9 |  9.0
Armour         | 7 8 9 |  9.0

Action                   |  1- 3 |  4- 6 |  7- 9 | 10-12 || total
-------------------------+-------+-------+-------+-------++-------
Melee: Spear             |    95 |   106 |       |       ||   201
       Bite              |     5 |     8 |    26 |    32 ||    71
       Halberd           |       |    54 |   292 |   280 ||   626
Invok: Cleansing Flame   |       |       |       |     2 ||     2
       Divine Shield     |       |       |       |     1 ||     1
 Abil: Evoke Berserk Rag |       |       |     1 |       ||     1
Evoke: Wand              |       |       |     2 |     1 ||     3
       Sack of spiders   |       |       |     2 |       ||     2
  Use: Potion            |       |     4 |     3 |     3 ||    10
       Scroll            |       |       |    10 |     2 ||    12
 Stab: Sleeping          |     6 |       |       |       ||     6
  Eat: Chunk             |       |     8 |    12 |     3 ||    23
       Ration            |       |       |       |     2 ||     2
Armor: Robe              |    13 |    10 |       |       ||    23
       Chain mail        |       |       |   236 |     4 ||   240
       Leather armour    |       |       |       |    86 ||    86
Dodge: Dodged            |    60 |    90 |   195 |   231 ||   576
Block: Other             |       |       |       |     5 ||     5

Table legend:
 A = Spawn XP
 B = Non-spawn XP
 C = Spawn XP percentage of total XP
 D = Spawn monster count
 E = Non-spawn monster count
 F = Spawn count percentage of total count
 G = Total turns spent on level
                    A         B        C        D         E        F      G
               +---------+---------+-------+---------+---------+-------+---------
         Total |       0 |   11440 |   0.0 |       0 |     273 |   0.0 |  9587
               +---------+---------+-------+---------+---------+-------+---------
           D:1 |       0 |      46 |   0.0 |       0 |      27 |   0.0 |   762
           D:2 |       0 |     107 |   0.0 |       0 |      28 |   0.0 |   866
           D:3 |       0 |     210 |   0.0 |       0 |      18 |   0.0 |  1282
           D:4 |       0 |     431 |   0.0 |       0 |      16 |   0.0 |  1008
           D:5 |       0 |     764 |   0.0 |       0 |      31 |   0.0 |   868
           D:6 |       0 |     301 |   0.0 |       0 |       8 |   0.0 |   500
           D:7 |       0 |    1621 |   0.0 |       0 |      22 |   0.0 |   815
           D:8 |       0 |    1736 |   0.0 |       0 |      27 |   0.0 |  1018
           D:9 |       0 |    1477 |   0.0 |       0 |      33 |   0.0 |  1332
          D:10 |       0 |    2343 |   0.0 |       0 |      51 |   0.0 |   918
          D:12 |       0 |    2404 |   0.0 |       0 |      12 |   0.0 |   218
               +---------+---------+-------+---------+---------+-------+---------
